Map: Triton LE

Players

Gilrak - Winner!

  • Race: Protoss Protoss
  • League: Platinum
  • Spawn Location: 5:00

Alcubierre

  • Race: Protoss Protoss
  • League: Platinum
  • Spawn Location: 11:00

VOD

Have the link to the VOD?

Description

Time

  • Played on: Oct. 15, 2019, 5:37 p.m.
  • Length: 6:35
Show
View Real Time Build Order
Export as new Build Order

Gilrak Protoss - Winner!

Build Orders:  

Get SALT Encoding   

  12  0:19  Probe  
  13  0:31  Probe  
  14  0:43  Probe  
  14  0:45  Pylon  
  14  0:48  Pylon  
  15  1:03  Probe  
  16  1:08  Gateway  
  16  1:15  Probe  
  16  1:17  Assimilator  
  17  1:27  Probe  
  18  1:39  Probe  
  19  1:56  Cybernetics Core, Zealot  
  19  2:00  Pylon  
  21  2:03  Probe  
  22  2:11  Gateway  
  22  2:15  Probe  
  23  2:27  Probe  
  24  2:33  Warp Gate  
  24  2:39  Probe (Chrono Boost)  
  24  2:41  Gateway, Zealot  
  28  2:51  Probe (Chrono Boost)  
  28  2:55  Twilight Council  
  28  2:59  Probe (Chrono Boost)  
  28  3:00  Zealot  
  31  3:06  Probe  
  31  3:12  Zealot  
  34  3:18  Pylon, Probe  
  35  3:28  Zealot  
  35  3:30  Charge (Chrono Boost)  
  35  3:31  Gateway  
  35  3:32  Gateway  
  37  3:45  Zealot (Chrono Boost)  
  39  3:52  Zealot (Chrono Boost)  
  41  3:58  Pylon  
  41  4:00  Pylon  
  41  4:27  Zealot  
  41  4:28  Zealot x3  
  41  4:29  Zealot  
  51  4:35  Gateway  
  51  4:51  Zealot  
  51  4:52  Zealot x2  
  57  4:53  Zealot  
  57  4:56  Zealot  
  61  5:02  Pylon  
  51  5:34  Zealot x3  
  51  5:35  Zealot  
  57  5:37  Zealot  
  57  5:38  Zealot  
  57  6:08  Zealot x3  
  57  6:09  Zealot x2  
  57  6:10  Zealot  
Show
View Real Time Build Order
Export as new Build Order

Alcubierre Protoss 

Build Orders:  

Get SALT Encoding   

  12  0:01  Probe  
  13  0:13  Probe  
  14  0:17  Pylon  
  14  0:25  Probe  
  15  0:35  Gateway  
  15  0:38  Probe  
  16  0:50  Probe (Chrono Boost)  
  16  0:53  Assimilator  
  17  0:59  Probe (Chrono Boost)  
  17  1:01  Assimilator  
  18  1:06  Probe (Chrono Boost)  
  19  1:18  Probe (Chrono Boost)  
  20  1:24  Cybernetics Core  
  20  1:25  Probe (Chrono Boost)  
  21  1:28  Gateway  
  21  1:39  Assimilator  
  21  1:50  Probe  
  22  1:57  Pylon  
  22  2:02  Probe  
  22  2:05  Pylon  
  23  2:09  Warp Gate  
  23  2:15  Stalker  
  25  2:20  Robotics Facility  
  25  2:49  Nexus  
  25  2:54  Stalker  
  27  3:02  Stalker  
  29  3:17  Immortal (Chrono Boost)  
  29  3:25  Sentry  
  35  3:32  Stalker  
  37  3:42  Pylon  
  37  3:44  Probe  
  38  3:56  Probe  
  38  4:00  Forge  
  41  4:10  Probe x2 (Chrono Boost)  
  41  4:20  Probe x2 (Chrono Boost)  
  43  4:24  Immortal  
  43  4:27  Probe (Chrono Boost)  
  43  4:28  Probe (Chrono Boost)  
  49  4:38  Probe (Chrono Boost)  
  51  4:40  Probe (Chrono Boost)  
  51  4:43  Probe (Chrono Boost)  
  52  4:50  Gateway  
  52  4:53  Shield Battery  
  52  4:54  Probe  
  52  4:55  Probe  
  54  5:11  Pylon  
  54  5:15  Pylon  
  50  5:25  Stalker x2  
  41  5:53  Stalker  
  41  5:54  Stalker  
  41  5:56  Stalker  
  37  6:08  Pylon  
  31  6:15  Probe (Chrono Boost)  
  28  6:21  Stalker  
  28  6:23  Probe (Chrono Boost)  
Tags
 
Matchup
PvP
Spawn Locations
Cross Positions
Add a new tag
Caveats
  • Supply blocks, unpowered buildings, or Contaminate may cause inaccurate times.
  • Supply counts are checked every 10 seconds.